Map: Orbital Shipyard

Players

Pseudorandom - Winner!

Pokebunny

  • Race: Terran Terran

VOD

Have the link to the VOD?

Description

Time

  • Played on: March 31, 2015, 11:24 p.m.
  • Length: 2:05
Show
View Real Time Build Order
Export as new Build Order

Pseudorandom Zerg - Winner!

Build Orders: Pool First 

Get SALT Encoding   

  12  0:01  Drone  
  13  0:08  Drone  
  14  0:19  Overlord  
  14  0:24  Extractor  
  14  0:25  Drone  
  15  0:39  Drone  
  15  0:41  Spawning Pool  
  15  0:45  Drone  
  15  0:49  Drone  
  17  0:55  Drone  
  18  1:14  Hatchery  
  18  1:16  Drone  
  18  1:21  Drone  
  18  1:22  Extractor  
  20  1:45  Zergling x2  
  20  1:46  Zergling x2  
Show
View Real Time Build Order
Export as new Build Order

Pokebunny Terran 

Build Orders: Command Center First (CC) 

Get SALT Encoding   

  12  0:00  SCV  
  13  0:13  SCV  
  14  0:20  Supply Depot  
  14  0:25  SCV  
  15  0:42  SCV  
  16  0:54  SCV  
  17  1:00  Command Center  
  17  1:06  SCV  
  18  1:13  Barracks  
  18  1:19  Refinery  
  18  1:21  SCV  
  19  1:34  SCV  
  20  1:46  SCV  
Tags
 
Add a new tag
Caveats
  • Supply blocks, unpowered buildings, or Contaminate may cause inaccurate times.
  • Supply counts are checked every 10 seconds.